AoeStats
← El Pepe

Arabian Desert

510955929Analyzed
1v1 RM · 7h ago on Oct 3, 2026· 28m 51s· 2 players
Game mode
Random Map
Map size
Tiny (2 player)
Population
200
Speed
Normal
Resources
Standard
Victory
Conquest
Starting age
Dark Age
Ending age
Imperial Age
RankedLock teamsTeams togetherTeam positionsShared explorationLock speedFull tech treeHidden civsTurbo modeCheats
Victory
Defeat
🇦🇷 Khmer · Argentina
1059
+14
🇲🇽 Georgians · Mexico
1026
-14
JiKen
7:25 Loom
9:46 Feudal Age
10:40 Double-Bit Axe
13:03 Horse Collar
18:09 Fletching
21:00 Town Watch
22:24 Padded Archer Armor
25:56 Bloodlines
26:51 Scale Barding Armor
30:27 Castle Age
El Pepe
6:29 Loom
9:14 Feudal Age
9:44 Double-Bit Axe
14:22 Fletching
16:06 Gold Mining
15:57 Horse Collar
17:00 Padded Archer Armor
22:25 Castle Age
21:58 Wheelbarrow
21:21 Gold Mining
23:10 Scale Barding Armor
22:32 Crossbowman
25:26 Chain Barding Armor
26:01 Bloodlines
25:56 Stone Mining
Connection lost

Rejoining the realm…

Still unreachable

The connection could not be restored.

Session expired

The server has moved on; the page needs a fresh start.